AoeStats
← BigAttack

Arena

510618865Analyzed
2v2 RM · 1d ago on Oct 1, 2026· 46m 41s· 4 players
Game mode
Random Map
Map size
Medium (4 player)
Population
200
Speed
Normal
Resources
Standard
Victory
Conquest
Starting age
Dark Age
Ending age
Imperial Age
RankedLock teamsTeams togetherTeam positionsShared explorationLock speedFull tech treeHidden civsTurbo modeCheats
Victory
Defeat
🇩🇪 Celts · Germany
862
+17
🇩🇪 Ethiopians · Germany
855
+18
🇺🇸 Koreans · United States
914
-18
🇺🇸 Romans · United States
869
-17
BigAttack
12:28 Feudal Age
10:45 Loom
13:19 Horse Collar
13:26 Double-Bit Axe
13:34 Gold Mining
14:45 Wheelbarrow
21:37 Castle Age
19:46 Town Watch
19:25 Man-at-Arms
21:07 Arson
22:07 Scale Mail Armor
22:19 Forging
22:56 Bow Saw
22:49 Heavy Plow
23:27 Gold Shaft Mining
23:33 Hand Cart
22:42 Long Swordsman
23:08 Gambesons
25:13 Town Patrol
28:38 Chain Mail Armor
29:06 Iron Casting
32:01 Fletching
32:14 Murder Holes
36:43 Imperial Age
34:46 Stone Mining
36:44 Two-Handed Swordsman
38:00 Plate Mail Armor
38:35 Blast Furnace
38:01 Champion
38:39 Capped Ram
39:51 Bodkin Arrow
41:20 Conscription
41:33 Furor Celtica
42:01 Murder Holes
42:16 Siege Engineers
41:48 Siege Ram
Kingslayer
12:08 Feudal Age
13:53 Double-Bit Axe
15:21 Wheelbarrow
17:29 Castle Age
16:40 Horse Collar
17:25 Gold Mining
20:10 Bow Saw
19:34 Crossbowman
21:37 Hand Cart
21:30 Town Watch
21:31 Loom
23:21 Fletching
24:31 Fervor
26:43 Stone Mining
27:15 Forging
29:02 Squires
29:40 Iron Casting
29:01 Bodkin Arrow
29:39 Ballistics
29:30 Masonry
30:39 Scale Mail Armor
31:25 Padded Archer Armor
33:55 Fortified Wall
34:13 Husbandry
35:22 Stone Shaft Mining
35:26 Gold Shaft Mining
35:30 Sanctity
38:28 Imperial Age
36:22 Chain Mail Armor
36:31 Leather Archer Armor
37:31 Murder Holes
37:57 Scale Barding Armor
38:36 Arbalester
39:23 Thumb Ring
38:42 Heavy Camel Rider
40:53 Chemistry
41:58 Bracer
42:58 Blast Furnace
43:47 Siege Engineers
46:32 Plate Mail Armor
46:39 Architecture
Scotticus6181
11:18 Feudal Age
19:29 Castle Age
18:23 Horse Collar
18:40 Gold Mining
18:38 Double-Bit Axe
21:34 Forging
22:26 Scale Mail Armor
23:03 Bow Saw
25:15 Gold Shaft Mining
24:47 Squires
26:49 Heavy Plow
26:45 Fletching
29:54 Wheelbarrow
30:01 Chain Mail Armor
32:24 Hand Cart
33:51 Ballistics
37:18 Imperial Age
35:22 Eupseong
36:10 Iron Casting
35:39 Caravan
35:24 Treadmill Crane
36:54 Town Watch
37:45 Town Patrol
37:49 Bodkin Arrow
37:45 Elite Fire Lancer
37:52 Elite War Wagon
39:17 Plate Mail Armor
40:06 Two-Man Saw
39:46 Conscription
40:38 Arrowslits
EmpMike4523
3:12 Loom
10:32 Feudal Age
11:36 Double-Bit Axe
11:33 Horse Collar
12:20 Stone Mining
20:45 Castle Age
22:25 Bow Saw
23:20 Pikeman
24:13 Forging
30:35 Imperial Age
30:56 Gold Mining
32:25 Scale Barding Armor
33:14 Gold Shaft Mining
33:45 Wheelbarrow
34:41 Conscription
35:10 Fortified Wall
35:36 Caravan
35:52 Heavy Plow
38:23 Man-at-Arms
39:03 Long Swordsman
40:58 Masonry
40:14 Legionary
42:38 Chain Barding Armor
42:58 Iron Casting
44:06 Comitatenses
Connection lost

Rejoining the realm…

Still unreachable

The connection could not be restored.

Session expired

The server has moved on; the page needs a fresh start.